 Dungeon Crawl Stone Soup version 0.21.1-1-g345015f (webtiles) character file.

4211 vatarom the Arsonist (level 10, 0/50 HPs)
             Began as a Deep Elf Fire Elementalist on May 8, 2018.
             Was a Follower of Vehumet.
             Slain by a hippogriff (7 damage)
             ... on level 8 of the Dungeon.
             The game lasted 00:19:15 (8272 turns).

vatarom the Arsonist (Deep Elf Fire Elementalist)   Turns: 8272, Time: 00:19:16

Health: 0/50       AC:  5    Str:  5    XL:     10   Next: 8%
Magic:  35/35      EV: 13    Int: 24    God:    Vehumet [*.....]
Gold:   474        SH:  0    Dex: 15    Spells: 9/29 levels left

rFire    . . .     SeeInvis .   p - +4 dagger (venom)
rCold    . . .     Gourm    .   (no shield)
rNeg     . . .     Faith    .   a - +0 robe
rPois    .         Spirit   .   (no helmet)
rElec    .         Reflect  .   (no cloak)
rCorr    .         Harm     .   r - +0 pair of gloves
MR       +....                  e - +1 pair of boots
Stlth    ++........             (no amulet)
HPRegen  0.16/turn              f - ring of magical power
MPRegen  0.24/turn              (no ring)

@: lethally poisoned (0 -> -23), about to teleport
A: no striking features
a: Renounce Religion


You were on level 8 of the Dungeon.
You worshipped Vehumet.
Vehumet was aware of your devotion.
You were not hungry.

You visited 2 branches of the dungeon, and saw 9 of its levels.

You collected 474 gold pieces.

Inventory:

Hand Weapons
 p - a +4 dagger of venom (weapon)
Armour
 a - a +0 robe (worn)
 e - a +1 pair of boots (worn)
 r - a +0 pair of gloves (worn)
Jewellery
 f - a ring of magical power (left hand)
Wands
 x - a wand of enslavement (16)
 C - a wand of acid (10)
Scrolls
 d - 2 scrolls of remove curse
 j - 3 scrolls of enchant weapon
 m - 3 scrolls of amnesia
 n - a scroll of enchant armour
 B - a scroll of teleportation
 E - a scroll of random uselessness
Potions
 g - a potion of might {unknown}
 h - a potion of berserk rage {unknown}
 i - 2 potions of lignification
 k - 3 potions of curing
 l - a potion of cancellation {unknown}
 o - 5 potions of degeneration {unknown}
 q - 5 potions of heal wounds
 s - a potion of experience {unknown}
 t - a potion of agility {unknown}
 u - a potion of flight
 w - a potion of invisibility {unknown}
 z - 2 potions of haste {unknown}
 D - 2 potions of mutation {unknown}
Books
 b - a book of Flames

   Spells                             Type                      Level
   a - Flame Tongue                   Conjuration/Fire             1
   b - Throw Flame                    Conjuration/Fire             2
   c - Conjure Flame                  Conjuration/Fire             3
   d - Inner Flame                    Hexes/Fire                   3
   e - Sticky Flame                   Conjuration/Fire             4
   f - Fireball                       Conjuration/Fire             5
 y - a book of Minor Magic

   Spells                             Type                      Level
   a - Magic Dart                     Conjuration                  1
   b - Blink                          Translocation                2
   c - Call Imp                       Summoning                    2
   d - Slow                           Hexes                        2
   e - Conjure Flame                  Conjuration/Fire             3
   f - Mephitic Cloud                 Conjuration/Poison/Air       3
Comestibles
 c - 9 rations


   Skills:
 - Level 2.4 Dodging
 - Level 2.4 Stealth
 + Level 10.0 Spellcasting
 + Level 8.0 Conjurations
 * Level 11.6 Fire Magic


You had 9 spell levels left.
You knew the following spells:

 Your Spells              Type           Power        Failure   Level  Hunger
a - Flame Tongue          Conj/Fire      #####        1%          1    None
b - Throw Flame           Conj/Fire      ######       1%          2    None
c - Conjure Flame         Conj/Fire      ######..     1%          3    None
d - Inner Flame           Hex/Fire       #####...     1%          3    None
e - Sticky Flame          Conj/Fire      ######..     1%          4    #......
f - Fireball              Conj/Fire      ######....   2%          5    ####...
B - Blink                 Tloc           N/A          8%          2    None


Dungeon Overview and Level Annotations

Branches:
Dungeon (8/15)             Temple (1/1) D:5
   Lair: D:8-11

Altars:
Ashenzari
Cheibriados
Dithmenos
Elyvilon
Fedhas
Hepliaklqana
Kikubaaqudgha
Makhleb
Nemelex Xobeh
Okawaru
Qazlal
Ru
Sif Muna
Uskayaw
Vehumet
Wu Jian
Xom
Yredelemnul
Zin
The Shining One

Annotations:
D:8 DasRunzen's ghost, novice DrEE


Message History

Okay, then.
As you read the scroll of teleportation, it crumbles to dust.
You feel strangely unstable.
You feel sick. The killer bee closely misses you. The killer bee misses you.
The killer bee closely misses you. The killer bee barely misses you.
The killer bee stings you but does no damage. x2
The hippogriff closely misses you. The hippogriff pecks you.
The hippogriff claws you!
You feel sick.
The killer bee stings you but does no damage. x2
The killer bee barely misses you. The killer bee closely misses you.
The killer bee stings you.
You are more poisoned.
The killer bee poisons you! The killer bee closely misses you.
The killer bee stings you!
* * * LOW HITPOINT WARNING * * *
You are more poisoned.
The killer bee poisons you! The killer bee closely misses you.
The hippogriff bites you!
You die...

#.# #.# #.# #.#
#.# #.# # #..#
#.# .#.### #.#
#.# #.#
##y#####
#y@yW..#
.......Hy...5..
..#####.###.###
#.# # #y. ###


You could see a hippogriff, 5 killer bees, DasRunzen's ghost and a crimson imp.

Vanquished Creatures
  The ghost of Verendum the Grappler, a novice TrAK of Lugonu (D:6)
  Psyche (D:8)
  The ghost of Lunabell the Cudgeler, an amateur NaBe of Trog (D:3)
  Grinder (D:3)
  Menkaure (D:7)
  Duvessa (D:5)
  2 sky beasts
  An ice beast (D:6)
  2 orc warriors
  6 ogres
  A phantom (D:5)
  2 centaurs (D:6)
  2 big kobolds
  A bullfrog (D:6)
  Dowan (D:5)
  A killer bee (D:8)
  6 wights
  4 orc priests
  2 jellies
  A gnoll shaman (D:6)
  2 hounds
  3 iguanas
  9 orc wizards
  4 worker ants
  A hound zombie (D:6)
  A hound skeleton (D:6)
  A worker ant zombie (D:6)
  A howler monkey skeleton (D:7)
  4 gnolls (D:6)
  7 adders
  3 shadow imps
  3 oozes
  An adder zombie (D:5)
  3 worms
  2 dart slugs (D:1)
  2 leopard geckos (D:4)
  21 orcs
  9 bats
  6 giant cockroaches
  13 goblins
  6 hobgoblins
  7 jackals
  12 kobolds
  6 quokkas
  8 frilled lizards
  A quokka skeleton (D:6)
  16 rats
190 creatures vanquished.

Notes
Turn   | Place    | Note
-------+----------+-------------------------------------------
     0 | D:1      | vatarom the Deep Elf Fire Elementalist began the quest for the Orb.
     0 | D:1      | Reached XP level 1. HP: 10/10 MP: 6/6
   228 | D:1      | Reached XP level 2. HP: 15/15 MP: 8/8
   232 | D:1      | Learned a level 2 spell: Throw Flame
   439 | D:1      | Reached skill level 4 in Fire Magic
   607 | D:1      | Reached XP level 3. HP: 19/19 MP: 10/10
   616 | D:1      | Learned a level 3 spell: Conjure Flame
   651 | D:1      | Learned a level 3 spell: Inner Flame
  1075 | D:2      | Noticed a big kobold
  1085 | D:2      | Killed a big kobold
  1085 | D:2      | Reached XP level 4. HP: 18/24 MP: 6/12
  1669 | D:2      | Found a white marble altar of Elyvilon.
  1689 | D:2      | Reached skill level 5 in Fire Magic
  1793 | D:2      | Found a basalt altar of Yredelemnul.
  1983 | D:3      | Reached XP level 5. HP: 14/28 MP: 9/13
  2089 | D:3      | Noticed Grinder
  2108 | D:3      | Found an ornate altar of the Wu Jian Council.
  2133 | D:3      | Killed Grinder
  2133 | D:3      | Reached skill level 5 in Spellcasting
  2133 | D:3      | Reached skill level 6 in Fire Magic
  2133 | D:3      | Reached XP level 6. HP: 32/32 MP: 14/15
  2391 | D:3      | Learned a level 4 spell: Sticky Flame
  2438 | D:3      | Found a sparkling altar of Nemelex Xobeh.
  2531 | D:3      | Noticed Lunabell's ghost (amateur NaBe)
  2556 | D:3      | Killed Lunabell's ghost
  2556 | D:3      | Reached skill level 7 in Fire Magic
  2556 | D:3      | Reached XP level 7. HP: 36/36 MP: 10/18
  2712 | D:3      | Learned a level 5 spell: Fireball
  3615 | D:4      | Found an iron altar of Okawaru.
  3767 | D:4      | Found a shimmering altar of Xom.
  4145 | D:4      | Reached skill level 5 in Conjurations
  4145 | D:4      | Reached skill level 8 in Fire Magic
  4145 | D:4      | Reached XP level 8. HP: 25/41 MP: 20/20
  4385 | D:5      | Entered Level 5 of the Dungeon
  4385 | D:5      | Found a shattered altar of Ashenzari.
  4890 | D:5      | Found a staircase to the Ecumenical Temple.
  4930 | Temple   | Entered the Ecumenical Temple
  4969 | Temple   | Became a worshipper of Vehumet
  5071 | D:5      | Noticed Dowan
  5076 | D:5      | Noticed Duvessa
  5119 | D:5      | Killed Duvessa
  5119 | D:5      | Reached skill level 9 in Fire Magic
  5123 | D:5      | Killed Dowan
  5507 | D:6      | Noticed Verendum's ghost (novice TrAK)
  5514 | D:6      | Killed Verendum's ghost
  5514 | D:6      | Reached XP level 9. HP: 45/45 MP: 7/23
  5615 | D:6      | Reached skill level 10 in Fire Magic
  5726 | D:6      | Learned a level 2 spell: Blink
  6304 | D:6      | Found a hazy altar of Hepliaklqana.
  6754 | D:7      | Found a stormy altar of Qazlal.
  6755 | D:7      | Found a blossoming altar of Fedhas.
  6867 | D:7      | Reached skill level 11 in Fire Magic
  6915 | D:7      | Reached * piety under Vehumet
  6915 | D:7      | Offered knowledge of Sting by Vehumet.
  7368 | D:7      | Noticed Menkaure
  7370 | D:7      | Killed Menkaure
  7760 | D:8      | Noticed DasRunzen's ghost (novice DrEE)
  8055 | D:8      | Noticed Psyche
  8058 | D:8      | Killed Psyche
  8058 | D:8      | Reached skill level 10 in Spellcasting
  8058 | D:8      | Reached XP level 10. HP: 50/50 MP: 18/26
  8272 | D:8      | Slain by a hippogriff

Skill      XL: |  1  2  3  4  5  6  7  8  9 |
---------------+----------------------------+-----
Fire Magic     | 4 5 6 7 8 9 11 | 11.6
Spellcasting   | 4 5 6 8 10 | 10.0
Conjurations   | 2 3 4 5 6 8 |  8.0
Dodging        | |  2.4
Stealth        | |  2.4

Action                   |  1- 3 |  4- 6 |  7- 9 | 10-12 || total
-------------------------+-------+-------+-------+-------++-------
Melee: Unarmed           |     2 |       |       |       ||     2
       Dagger            |       |     9 |    64 |       ||    73
 Cast: Flame Tongue      |    33 |    64 |   162 |     5 ||   264
       Throw Flame       |    28 |    24 |    21 |       ||    73
       Inner Flame       |     2 |     3 |    10 |       ||    15
       Conjure Flame     |       |     2 |    10 |       ||    12
       Fireball          |       |       |    26 |     1 ||    27
       Sticky Flame      |       |       |    10 |     2 ||    12
       Blink             |       |       |     1 |       ||     1
  Use: Scroll            |       |     4 |     9 |     1 ||    14
       Potion            |       |     2 |     2 |       ||     4
 Stab: Sleeping          |       |     2 |     5 |       ||     7
  Eat: Chunk             |     1 |     2 |    14 |       ||    17
       Ration            |       |     1 |     3 |       ||     4
Armor: Robe              |     4 |     6 |    22 |     9 ||    41
Dodge: Dodged            |    11 |    14 |    64 |    22 ||   111
